[Event "Titled Tuesday Blitz May 10 Early 2022"]
[White "Beerdsen, Thomas"]
[Black "Mikhalsky, Vladimir"]
[WhiteFideId "1030108"]
[BlackFideId "14144352"]
[WhiteElo "2585"]
[BlackElo "2301"]
[Result "1-0"]
[Round "01"]
[TimeControl "180+1"]
[Date "2022.05.11"]
[WhiteClock "0:00:07"]
[BlackClock "0:00:00"]

1. e4 g6 2. d4 Bg7 3. Nf3 d6 4. Bc4 Nf6 5. Qe2 O-O 6. O-O Nc6 7. Rd1 Bg4 8. c3 e5 9. h3 Bxf3 10. Qxf3 Nd7 11. Be3 Nb6 12. Bb5 a6 13. Bxc6 bxc6 14. Nd2 a5 15. dxe5 Bxe5 16. a4 Rb8 17. Qe2 Qc8 18. Rdb1 Re8 19. Ra3 c5 20. b4 Bxc3 21. Rxc3 axb4 22. Rcc1 Nxa4 23. Bh6 Nc3 24. Qf3 Qe6 25. Rxc3 bxc3 26. Rxb8 Rxb8 27. Qxc3 f6 28. Be3 Kf7 29. Qa5 Rb7 30. Qa8 Rb4 31. Qh8 Ke7 32. Qxh7+ Qf7 33. Qh8 Kd7 34. Qa8 Qe8 35. Qa1 Qe6 36. Qc3 Qe5 37. Qd3 Qe6 38. Bxc5 Rb2 39. Be3 Qa2 40. Nf3 Qb1+ 41. Qxb1 Rxb1+ 42. Kh2 Ke6 43. g4 c5 44. Nd2 Rd1 45. h4 d5 46. exd5+ Kxd5 47. h5 gxh5 48. gxh5 c4 49. h6 Ra1 50. Kg3 Ra8 51. Kg4 c3 52. Nf3 c2 53. Kf5 Re8 54. Bf4 Kc4 55. h7 Kd3 56. Kxf6 Rf8+ 57. Kg5 Rxf4 58. h8=Q c1=Q 59. Ne5+ Ke4 60. Qa8+ Kxe5 61. Qb8+ Kd5 62. Qxf4 Qg1+ 63. Qg4 Qxf2 64. Qd7+ Ke4 65. Qc6+ Ke3 66. Qc5+ Ke2 67. Qc2+ Kf3 68. Qd1+ Kg2 69. Kg4 Kh2 70. Qd6+ Kg2 71. Qc6+ Kh2 72. Qc7+ Kg2 73. Qb7+ Kh2 74. Qh7+ Kg2 75. Qh3+ Kg1 76. Qb3 Qg2+ 77. Kh4 Qh2+ 78. Kg4 1-0


[Site "https://www.chess.com"]

[Event "Titled Tuesday Blitz May 10 Early 2022"]
[White "Bettalli, Francesco"]
[Black "Cabarkapa, Novak"]
[WhiteFideId "2816453"]
[BlackFideId "943746"]
[WhiteElo "2216"]
[BlackElo "2454"]
[Result "1/2-1/2"]
[Round "01"]
[TimeControl "180+1"]
[Date "2022.05.11"]
[WhiteClock "0:02:05"]
[BlackClock "0:00:24"]

1. d4 Nf6 2. Nc3 d5 3. Bf4 e6 4. Nb5 Na6 5. e3 Be7 6. Nf3 O-O 7. Bd3 c6 8. Nc3 Qb6 9. O-O c5 10. Na4 Qa5 11. Nxc5 Nxc5 12. dxc5 Qxc5 13. c3 h6 14. Ne5 Nd7 15. Nxd7 Bxd7 16. Bxh6 gxh6 17. Qg4+ Kh8 18. Qh5 f5 19. Qxh6+ Kg8 20. Qg6+ Kh8 21. Qh6+ Kg8 22. Qg6+ Kh8 23. Qh6+ 1/2-1/2


[Site "https://www.chess.com"]

[Event "Titled Tuesday Blitz May 10 Early 2022"]
[White "Bilych, Olexiy"]
[Black "Czerw, Dawid"]
[WhiteFideId "14156504"]
[BlackFideId "1145746"]
[WhiteElo "2176"]
[BlackElo "2125"]
[Result "1-0"]
[Round "01"]
[TimeControl "180+1"]
[Date "2022.05.11"]
[WhiteClock "0:00:18"]
[BlackClock "0:00:07"]

1. e4 c5 2. Nf3 g6 3. d4 cxd4 4. Nxd4 Nc6 5. c4 Nf6 6. Nc3 d6 7. Be2 Nxd4 8. Qxd4 Bg7 9. Be3 O-O 10. Qd2 a5 11. O-O a4 12. Bd4 Be6 13. Qe3 Nd7 14. f4 Bxd4 15. Qxd4 Qb6 16. Qxb6 Nxb6 17. Nd5 Bxd5 18. cxd5 Nd7 19. Rac1 Nc5 20. e5 Rfc8 21. Rc2 f5 22. Rfc1 Rcb8 23. Kf2 b5 24. Ke3 b4 25. Rxc5 dxc5 26. Rxc5 b3 27. a3 Rc8 28. Rc6 Rxc6 29. dxc6 Kf7 30. Kd4 Ke8 31. Kc5 Kd8 32. Bb5 Kc7 33. Kb4 Rd8 34. Kxa4 Rd4+ 35. Kxb3 Rxf4 36. a4 Re4 37. a5 Rxe5 38. Kc4 Re4+ 39. Kc5 Re5+ 40. Kc4 Re4+ 41. Kd5 Rb4 42. Kc5 Rxb2 43. a6 Ra2 44. g3 e5 45. Kd5 e4 46. Kd4 Ra5 47. Kc4 e3 48. Kb4 Ra1 49. Kc3 Kb6 50. Kd3 Ra3+ 51. Ke2 Rb3 52. Bc4 Rb2+ 53. Kxe3 Kxc6 54. h4 Rb1 55. Bg8 h6 56. Bh7 g5 57. hxg5 hxg5 58. Bxf5 Rb3+ 59. Bd3 Kd6 60. Kd4 Rb4+ 61. Kc3 Ra4 62. Bb5 Ra5 63. Kb4 Ra1 64. Ba4 Rb1+ 65. Ka5 Rb8 66. a7 Ra8 67. Kb6 Ke5 68. Bc6 Rg8 69. a8=Q Rxa8 70. Bxa8 g4 71. Kc5 1-0


[Site "https://www.chess.com"]

[Event "Titled Tuesday Blitz May 10 Early 2022"]
[White "Bintang, Rasyid A. Hidayat"]
[Black "Darini, Pouria"]
[WhiteFideId "7105355"]
[BlackFideId "12502200"]
[WhiteElo "2429"]
[BlackElo "2483"]
[Result "1-0"]
[Round "01"]
[TimeControl "180+1"]
[Date "2022.05.11"]
[WhiteClock "0:00:19"]
[BlackClock "0:00:01"]

1. d4 Nf6 2. Bf4 g6 3. Nc3 d5 4. e3 Bg7 5. h4 h5 6. Nf3 Bg4 7. Be2 Bxf3 8. Bxf3 c6 9. O-O Nbd7 10. g3 O-O 11. e4 dxe4 12. Nxe4 Nxe4 13. Bxe4 e5 14. dxe5 Nxe5 15. c3 Qb6 16. Qc2 Rfe8 17. Bg2 Nc4 18. b3 Na3 19. Qb2 Nb5 20. Rac1 Qc5 21. b4 Qc4 22. Bd2 a5 23. a4 Nd6 24. Bf4 Ne4 25. Bxe4 Rxe4 26. bxa5 Rxf4 27. Qxb7 Re8 28. a6 Rxh4 29. Rfe1 Rxe1+ 30. Rxe1 Qxc3 31. Qb1 Qa5 32. Re8+ 1-0


[Site "https://www.chess.com"]

[Event "Titled Tuesday Blitz May 10 Early 2022"]
[White "Bluebaum, Matthias"]
[Black "Koziorowicz, Michal"]
[WhiteFideId "24651516"]
[BlackFideId "21809194"]
[WhiteElo "2556"]
[BlackElo "2219"]
[Result "1-0"]
[Round "01"]
[TimeControl "180+1"]
[Date "2022.05.10"]
[WhiteClock "0:00:34"]
[BlackClock "0:00:24"]

1. d4 f5 2. Nf3 Nf6 3. c4 e6 4. g3 Be7 5. Bg2 O-O 6. O-O d6 7. Nc3 Ne4 8. Qc2 Nxc3 9. bxc3 Nc6 10. e4 e5 11. c5 fxe4 12. Qxe4 d5 13. Qe2 e4 14. Nd2 Bg5 15. f3 exf3 16. Nxf3 Bxc1 17. Raxc1 Bg4 18. h3 Bh5 19. g4 Bg6 20. Ne5 Rxf1+ 21. Rxf1 Nxe5 22. Qxe5 c6 23. Qe6+ Kh8 24. Re1 Qe8 25. h4 Qxe6 26. Rxe6 Re8 27. Rd6 Bd3 28. Rd7 Ba6 29. Bf1 Bxf1 30. Kxf1 Rb8 31. Rc7 h5 32. Kg2 hxg4 33. Kg3 Kh7 34. Kxg4 Kg6 35. h5+ Kf6 36. a4 a5 37. Kf4 g6 38. h6 g5+ 39. Kg4 Kg6 40. h7 Kh6 41. Rxb7 Rf8 42. Rf7 Re8 43. Re7 Rc8 44. Rc7 Re8 45. Rxc6+ Kxh7 46. Rd6 Re3 47. Kxg5 Rxc3 48. Rxd5 Rc4 49. Kf6 Rxa4 50. c6 Rc4 51. Rc5 Rxd4 52. c7 Rf4+ 53. Ke5 1-0


[Site "https://www.chess.com"]

[Event "Titled Tuesday Blitz May 10 Early 2022"]
[White "Bodnar, Nikolay"]
[Black "De Silva, L M S T"]
[WhiteFideId "14106469"]
[BlackFideId "9953698"]
[WhiteElo "2296"]
[BlackElo "1631"]
[Result "0-1"]
[Round "01"]
[TimeControl "180+1"]
[Date "2022.05.11"]
[WhiteClock "0:00:54"]
[BlackClock "0:01:40"]

1. e4 e5 2. Nf3 Nc6 3. Bc4 Nf6 4. d3 h6 5. c3 d6 6. Bb3 g5 7. h3 Bg7 8. Nbd2 d5 9. Qe2 Be6 10. g4 d4 11. Bxe6 fxe6 12. Nc4 Nd7 13. cxd4 exd4 14. Bd2 b5 15. Na5 Nxa5 16. Bxa5 O-O 17. Rc1 Rc8 18. Kf1 Qf6 19. Kg2 c5 20. b3 Rf7 21. Rhf1 Rcf8 22. Nh2 b4 23. Ra1 Qf4 24. a3 Be5 25. Nf3 Qxf3+ 26. Qxf3 Rxf3 27. axb4 Rxd3 28. bxc5 Nxc5 29. Bb4 Nxb3 30. Rxa7 Rf7 31. Ra8+ Kh7 32. Re8 Rdf3 33. Rxe6 Bg3 34. Re7 Bh4 35. Rxf7+ Rxf7 36. f3 Rc7 37. Rb1 Rc2+ 38. Kh1 Nd2 39. Bxd2 Rxd2 40. e5 Kg7 41. Rb7+ Kf8 42. e6 d3 43. Rd7 Ke8 0-1


[Site "https://www.chess.com"]

[Event "Titled Tuesday Blitz May 10 Early 2022"]
[White "Bok, Benjamin"]
[Black "Urbina Perez, Juan Antonio"]
[WhiteFideId "1017063"]
[BlackFideId "2217368"]
[WhiteElo "2658"]
[BlackElo "2192"]
[Result "1-0"]
[Round "01"]
[TimeControl "180+1"]
[Date "2022.05.10"]
[WhiteClock "0:01:11"]
[BlackClock "0:00:54"]

1. d4 d5 2. c4 c6 3. Nf3 Nf6 4. cxd5 cxd5 5. Nc3 Nc6 6. Bf4 a6 7. Rc1 Bf5 8. e3 Rc8 9. Be2 e6 10. O-O Bd6 11. Bxd6 Qxd6 12. Qb3 Rc7 13. Na4 O-O 14. Nc5 Qe7 15. Rc3 Rfc8 16. Rfc1 e5 17. dxe5 Nxe5 18. Nxe5 Qxe5 19. Nxb7 Rxc3 20. Rxc3 d4 21. Rxc8+ Bxc8 22. Qb6 Bxb7 23. Qxb7 dxe3 24. Qc8+ Ne8 25. g3 exf2+ 26. Kxf2 Qd4+ 27. Kf1 Qf6+ 28. Kg2 Qe5 29. Bxa6 1-0


[Site "https://www.chess.com"]

[Event "Titled Tuesday Blitz May 10 Early 2022"]
[White "Bommini, Mounika Akshaya"]
[Black "Reprintsev, Alexander"]
[WhiteFideId "25019872"]
[BlackFideId "14100541"]
[WhiteElo "1671"]
[BlackElo "2108"]
[Result "1-0"]
[Round "01"]
[TimeControl "180+1"]
[Date "2022.05.11"]
[WhiteClock "0:00:47"]
[BlackClock "0:00:44"]

1. d4 d5 2. c4 e5 3. dxe5 d4 4. Nf3 Nc6 5. e3 Bb4+ 6. Bd2 dxe3 7. fxe3 Bxd2+ 8. Qxd2 Qxd2+ 9. Nbxd2 Nge7 10. O-O-O Bg4 11. h3 Bh5 12. g4 Bg6 13. Nb3 Be4 14. Bg2 Nxe5 15. Nxe5 Bxg2 16. Rh2 Bc6 17. Nxc6 Nxc6 18. Rhd2 Rd8 19. Nc5 b6 20. Na6 Rxd2 21. Rxd2 O-O 22. Nxc7 Rc8 23. Nd5 Kf8 24. b3 Ne5 25. Kb2 Re8 26. Kc3 Re6 27. Nc7 Rh6 28. Rd8+ Ke7 29. Re8+ Kd7 30. Rxe5 Kxc7 31. Re7+ Kb8 32. Rxf7 Rxh3 33. Kd4 g5 34. e4 Rh4 35. Kd5 Rxg4 36. Kc6 a5 37. e5 Re4 38. Kd6 Rd4+ 39. Kc6 Re4 40. Kxb6 Kc8 41. Rxh7 Rxe5 42. c5 Re4 43. a3 a4 44. b4 g4 45. c6 Kd8 46. c7+ 1-0


[Site "https://www.chess.com"]

[Event "Titled Tuesday Blitz May 10 Early 2022"]
[White "Broca Jimenez, Fernando"]
[Black "Kruckenhauser, Arthur"]
[WhiteFideId "5104742"]
[BlackFideId "1642812"]
[WhiteElo "2062"]
[BlackElo "2243"]
[Result "0-1"]
[Round "01"]
[TimeControl "180+1"]
[Date "2022.05.11"]
[WhiteClock "0:00:07"]
[BlackClock "0:01:13"]

1. e4 e5 2. Nf3 Nc6 3. Bb5 a6 4. Ba4 Nf6 5. O-O Nxe4 6. Re1 Nc5 7. Nxe5 Nxe5 8. Rxe5+ Be7 9. Nc3 Nxa4 10. Nxa4 O-O 11. d4 d5 12. Nc3 c6 13. Qf3 Bf6 14. Re1 Bxd4 15. Bf4 Qf6 16. Rad1 Bb6 17. Na4 Ba7 18. Qg3 Bf5 19. Bd6 Rfe8 20. Nc5 Bxc5 21. Bxc5 Bxc2 22. Rc1 Be4 23. f3 Bf5 24. Qf2 Qg6 25. Bd4 h5 26. h4 Bd7 27. a3 Rxe1+ 28. Rxe1 Re8 29. Rxe8+ Bxe8 30. Qe3 Qe6 31. Qc3 f6 32. g3 Bg6 33. Kf2 Qh3 34. Qe1 Qh2+ 35. Ke3 Qc2 36. Qd2 Qb3+ 37. Qc3 Qd1 38. Qd2 Qg1+ 39. Qf2 Qb1 40. Qd2 a5 41. Kf2 Qh1 42. Ke3 Qg1+ 43. Qf2 Qb1 44. Qd2 a4 45. Kf2 Qh1 46. Ke3 Qg1+ 47. Qf2 Qc1+ 48. Qd2 Qc4 49. Qc3 Qf1 50. Qd2 Qb5 51. Qf2 c5 52. Qd2 cxd4+ 53. Qxd4 Qb3+ 54. Qc3 Qxc3+ 55. bxc3 Kf7 56. Kd4 Ke6 0-1


[Site "https://www.chess.com"]

[Event "Titled Tuesday Blitz May 10 Early 2022"]
[White "Ceres, Dragos"]
[Black "Zanette, Edgard Vinicius"]
[WhiteFideId "13905864"]
[BlackFideId "2109263"]
[WhiteElo "2150"]
[BlackElo "2182"]
[Result "1/2-1/2"]
[Round "01"]
[TimeControl "180+1"]
[Date "2022.05.11"]
[WhiteClock "0:00:27"]
[BlackClock "0:00:20"]

1. e4 e5 2. Nf3 Nc6 3. Bc4 Bc5 4. c3 Nf6 5. d3 d6 6. O-O a6 7. a4 Ba7 8. b4 Be6 9. Na3 h6 10. Qb3 Bxc4 11. Nxc4 O-O 12. Be3 Bxe3 13. fxe3 b5 14. Ncd2 Rb8 15. axb5 axb5 16. Ra6 Qd7 17. Nh4 Ne7 18. Qd1 Qg4 19. Qe1 Ra8 20. Rxa8 Rxa8 21. h3 Qe6 22. Qg3 Ra2 23. Rf2 Rc2 24. d4 exd4 25. exd4 Nxe4 26. Nxe4 Qxe4 27. Rxc2 Qxc2 28. Qe3 Kf8 29. Qf3 d5 30. Qg3 Qc1+ 31. Kh2 g5 32. Qxc7 gxh4 33. Qd8+ Kg7 34. Qxe7 Qf4+ 35. Kg1 Qc1+ 36. Kh2 Qf4+ 37. Kg1 Qc1+ 38. Kh2 1/2-1/2


[Site "https://www.chess.com"]

[Event "Titled Tuesday Blitz May 10 Early 2022"]
[White "Chernomordik, Pavel"]
[Black "Meshkovs, Nikita"]
[WhiteFideId "2804530"]
[BlackFideId "11602740"]
[WhiteElo "2220"]
[BlackElo "2506"]
[Result "0-1"]
[Round "01"]
[TimeControl "180+1"]
[Date "2022.05.11"]
[WhiteClock "0:00:50"]
[BlackClock "0:01:24"]

1. e4 c5 2. Nc3 e6 3. f4 d5 4. Nf3 d4 5. Bb5+ Bd7 6. Bxd7+ Nxd7 7. Ne2 Bd6 8. d3 Ne7 9. O-O O-O 10. Ng3 f6 11. Nh4 Qe8 12. Qg4 Qf7 13. f5 e5 14. Nh5 Kh8 15. Ng3 c4 16. Bd2 cxd3 17. cxd3 Rac8 18. Rfc1 Nc5 19. Qe2 Na4 20. b3 Nc3 21. Qe1 Ba3 22. Rc2 Nc6 23. Bc1 Nb4 24. Rd2 Bxc1 25. Rxc1 Ncxa2 26. Rc4 b5 27. Rxc8 Rxc8 28. Rd1 Qxb3 29. Qf1 Qxd1 30. Qxd1 Rc1 0-1


[Site "https://www.chess.com"]

[Event "Titled Tuesday Blitz May 10 Early 2022"]
[White "Clarke, Brandon G I"]
[Black "Martin Duque, Jesus"]
[WhiteFideId "400319"]
[BlackFideId "2208954"]
[WhiteElo "2414"]
[BlackElo "2243"]
[Result "1-0"]
[Round "01"]
[TimeControl "180+1"]
[Date "2022.05.11"]
[WhiteClock "0:00:49"]
[BlackClock "0:00:48"]

1. e4 c5 2. Nf3 e6 3. d4 cxd4 4. Nxd4 Nc6 5. Nc3 Qc7 6. Be3 a6 7. Qf3 Nf6 8. O-O-O Nxd4 9. Bxd4 e5 10. Be3 d6 11. h3 b5 12. Bg5 b4 13. Nb1 Be7 14. Nd2 Be6 15. b3 O-O 16. Bc4 a5 17. Qd3 a4 18. Bxe6 fxe6 19. Bxf6 Rxf6 20. f3 axb3 21. axb3 Rg6 22. Kb2 Rxg2 23. Nc4 Rd8 24. h4 d5 25. Ne3 dxe4 26. Qxe4 Qc3+ 27. Kb1 Rd4 28. Rxd4 Rxc2 29. Qxc2 exd4 30. Qxc3 dxc3 31. Kc2 1-0


[Site "https://www.chess.com"]

[Event "Titled Tuesday Blitz May 10 Early 2022"]
[White "Daneshvar, Bardiya"]
[Black "Stevens, Christian"]
[WhiteFideId "12576468"]
[BlackFideId "2604450"]
[WhiteElo "2330"]
[BlackElo "2475"]
[Result "1-0"]
[Round "01"]
[TimeControl "180+1"]
[Date "2022.05.11"]
[WhiteClock "0:00:47"]
[BlackClock "0:00:00"]

1. b3 b6 2. e4 Bb7 3. Nc3 e6 4. Bb2 d6 5. d4 Nf6 6. Bd3 c5 7. d5 e5 8. a4 a6 9. Nf3 g6 10. O-O Bg7 11. Nd2 O-O 12. Nc4 Qc7 13. Qe2 Nbd7 14. Bc1 Nh5 15. g3 Rae8 16. Bd2 Bc8 17. f3 Kh8 18. Ne3 Qb7 19. Ncd1 Ndf6 20. Nf2 Ng8 21. b4 f5 22. bxc5 bxc5 23. Rab1 Qe7 24. Nc4 f4 25. g4 Nhf6 26. Nb6 h5 27. Nxc8 Rxc8 28. Bxa6 hxg4 29. Bxc8 Rxc8 30. fxg4 Nh7 31. a5 Qh4 32. Rb3 Ng5 33. a6 Rf8 34. Rf3 Nf6 35. Ra3 f3 36. Rxf3 Nxf3+ 37. Qxf3 Nxd5 38. Qh3 Qxh3 39. Nxh3 Rxf1+ 40. Kxf1 Nc7 41. a7 1-0


[Site "https://www.chess.com"]

[Event "Titled Tuesday Blitz May 10 Early 2022"]
[White "Dang, Hoang Son"]
[Black "Friedel, Tom"]
[WhiteFideId "12402435"]
[BlackFideId "2002108"]
[WhiteElo "2252"]
[BlackElo "2317"]
[Result "1-0"]
[Round "01"]
[TimeControl "180+1"]
[Date "2022.05.11"]
[WhiteClock "0:00:20"]
[BlackClock "0:00:20"]

1. d4 d5 2. Bf4 e6 3. e3 Bd6 4. Bg3 Bxg3 5. hxg3 Nf6 6. Nf3 Nbd7 7. Bd3 Qe7 8. Nbd2 e5 9. dxe5 Nxe5 10. Nxe5 Qxe5 11. c3 Bg4 12. Qa4+ Bd7 13. Qb4 O-O-O 14. O-O-O h6 15. Nf3 Qe6 16. Bc2 Rhe8 17. Rh4 Ne4 18. Nd4 Qb6 19. Qxb6 axb6 20. Bxe4 dxe4 21. b3 c5 22. Ne2 Bf5 23. Rxd8+ Rxd8 24. Rf4 Bg6 25. g4 Kc7 26. Ng3 Re8 27. c4 Kd6 28. Kc2 Ke5 29. Kc3 Ra8 30. a4 Rd8 31. Nh5 Bxh5 32. gxh5 Rd3+ 33. Kc2 f5 34. g4 fxg4 35. Rxg4 Rd7 36. Rg6 Rf7 37. Rg2 Rd7 38. b4 Kf5 39. b5 Ke5 40. Rg6 Rf7 41. Rg2 Rd7 42. Rg6 Rf7 43. Rxb6 Rxf2+ 44. Kc1 Rf3 45. Rxb7 Rxe3 46. a5 Kd4 47. Rd7+ Kc3 48. b6 Re1+ 49. Rd1 Re2 50. b7 Ra2 51. b8=Q 1-0


[Site "https://www.chess.com"]

[Event "Titled Tuesday Blitz May 10 Early 2022"]
[White "De Arruda, Leandro Formes"]
[Black "Krstulovic, Alex"]
[WhiteFideId "22722009"]
[BlackFideId "760056"]
[WhiteElo "1852"]
[BlackElo "2193"]
[Result "0-1"]
[Round "01"]
[TimeControl "180+1"]
[Date "2022.05.11"]
[WhiteClock "0:01:10"]
[BlackClock "0:02:13"]

1. d4 Nf6 2. Nf3 d5 3. e3 b6 4. Bd3 Bb7 5. Nbd2 Nbd7 6. O-O e6 7. b3 Bd6 8. Bb2 O-O 9. Ne5 Ne4 10. f3 Nxd2 11. Qxd2 f6 12. Nxd7 Qxd7 13. e4 dxe4 14. fxe4 f5 15. exf5 exf5 16. Qg5 Rae8 17. Bxf5 Qc6 18. Kh1 Re7 19. d5 Qxd5 20. Bxh7+ Kxh7 21. Qxd5 Bxd5 22. Rxf8 Re2 23. Rg1 Bxf8 0-1


[Site "https://www.chess.com"]

[Event "Titled Tuesday Blitz May 10 Early 2022"]
[White "De Souza, Cristiano Gomes"]
[Black "Taichman, Ori"]
[WhiteFideId "2151758"]
[BlackFideId "2804069"]
[WhiteElo "2068"]
[BlackElo "2227"]
[Result "1/2-1/2"]
[Round "01"]
[TimeControl "180+1"]
[Date "2022.05.11"]
[WhiteClock "0:00:29"]
[BlackClock "0:01:19"]

1. d4 Nf6 2. c4 g6 3. Nf3 Bg7 4. Nc3 O-O 5. e4 d6 6. Be2 e5 7. O-O Nc6 8. d5 Ne7 9. Ne1 Nd7 10. Be3 f5 11. f3 f4 12. Bf2 g5 13. Nb5 b6 14. b4 Rf6 15. Rc1 a6 16. Nc3 Rh6 17. Nd3 Qe8 18. Kh1 Nf6 19. Bg1 Nh5 20. Bf2 Ng3+ 21. Bxg3 fxg3 22. h3 Bxh3 23. gxh3 Qh5 24. Nf2 gxf2 25. Kg2 Qh4 26. Bd3 Ng6 27. Ne2 Nf4+ 28. Nxf4 gxf4 29. Rh1 Qg3+ 30. Kf1 Bf6 31. Qe2 a5 32. b5 Bh4 33. Rc2 Rg6 34. Qxf2 Qxf2+ 35. Rxf2 Bxf2 36. Kxf2 Kf7 37. h4 Rag8 38. Bf1 h5 39. Bh3 Rg3 40. Be6+ Kf6 41. Bxg8 Rxg8 42. Rg1 Ra8 43. a4 Rh8 44. Rg5 Rh7 45. Kg2 Rg7 1/2-1/2


[Site "https://www.chess.com"]

[Event "Titled Tuesday Blitz May 10 Early 2022"]
[White "Derraugh, Geordie"]
[Black "Vasquez Schroeder, Rodrigo"]
[WhiteFideId "2603950"]
[BlackFideId "3400042"]
[WhiteElo "2116"]
[BlackElo "2567"]
[Result "1-0"]
[Round "01"]
[TimeControl "180+1"]
[Date "2022.05.10"]
[WhiteClock "0:00:16"]
[BlackClock "0:00:29"]

1. e4 c5 2. c3 Nf6 3. e5 Nd5 4. d4 cxd4 5. cxd4 d6 6. Nf3 Nc6 7. exd6 Qxd6 8. Bd3 Bg4 9. Be3 e6 10. O-O Be7 11. Nc3 O-O 12. Ne4 Qc7 13. Rc1 Qb6 14. Nc5 Rfd8 15. b3 Rac8 16. h3 Bh5 17. Bxh7+ Kh8 18. Be4 Nf6 19. Bb1 Nxd4 20. Bxd4 Bxc5 21. Rxc5 Rxc5 22. Bxc5 Rxd1 23. Bxb6 Rxf1+ 24. Kxf1 axb6 25. g4 Bg6 26. Bxg6 fxg6 27. Ng5 e5 28. Nf7+ Kh7 29. Nxe5 g5 30. Nc4 Nd5 31. Nd6 Nf4 32. Nxb7 Nxh3 33. Nd6 Nf4 34. Nc4 Nd5 35. Ne3 Nc3 36. a4 Kg6 37. Nc4 Nd5 38. Ke2 Kf6 39. Kf3 Ke6 40. Ke4 Nf6+ 41. Kf3 Nd5 42. Kg3 Kd7 43. Ne3 Nc3 44. Nf5 g6 45. Nd4 Kd6 46. Nb5+ Nxb5 47. axb5 Kc5 48. f4 gxf4+ 49. Kxf4 Kxb5 50. Kg5 Kb4 51. Kxg6 Kxb3 52. Kf6 b5 53. g5 Kc2 54. g6 b4 55. g7 b3 56. g8=Q b2 57. Qc4+ Kb1 58. Qb3 Ka1 59. Qa3+ Kb1 60. Ke5 Kc2 61. Qa2 Kc1 62. Qc4+ Kd2 63. Qb3 Kc1 64. Qc3+ Kb1 65. Kd4 Ka2 66. Qa5+ Kb3 67. Qb5+ Kc2 68. Qc4+ Kd2 69. Qb3 Kc1 70. Qc3+ Kb1 71. Kd3 Ka2 72. Qa5+ Kb3 73. Qb5+ Ka2 74. Kc2 1-0


[Site "https://www.chess.com"]

[Event "Titled Tuesday Blitz May 10 Early 2022"]
[White "Devaev, Alexander"]
[Black "Ohanyan, Emin"]
[WhiteFideId "4169395"]
[BlackFideId "13312022"]
[WhiteElo "2185"]
[BlackElo "1927"]
[Result "1-0"]
[Round "01"]
[TimeControl "180+1"]
[Date "2022.05.11"]
[WhiteClock "0:00:09"]
[BlackClock "0:00:01"]

1. Nf3 d5 2. d4 Nf6 3. c4 e6 4. cxd5 exd5 5. Nc3 c6 6. Bg5 Be7 7. Bxf6 Bxf6 8. e3 O-O 9. Bd3 g6 10. Qc2 Nd7 11. h4 h5 12. O-O-O Bg7 13. Kb1 Nf6 14. Ne5 Ng4 15. Nf3 Re8 16. Rdf1 Be6 17. Ne2 Rc8 18. Nf4 b6 19. Ng5 Bd7 20. Nxf7 Kxf7 21. Bxg6+ Kg8 22. Nxh5 Nf6 23. Nxg7 Kxg7 24. Bxe8 Qxe8 25. Re1 c5 26. dxc5 Rxc5 27. Qd3 Qe4 28. Qxe4 dxe4 29. Rc1 Rf5 30. Rc7 Kg6 31. h5+ Kh6 32. g4 Rxf2 33. g5+ Kxg5 34. h6 Bf5 35. Rg7+ Bg6 36. Rg1+ Ng4 37. Rxg4+ Kxg4 38. Rxg6+ Kf5 39. Rg7 Rh2 40. h7 a5 41. Rb7 Kg4 42. Rf7 Kg3 43. a4 Kg4 44. Ka2 Kg5 45. Ka3 Kg6 46. Rb7 Rh3 47. b3 Kf5 48. Kb2 Ke5 49. Kc3 Rxe3+ 50. Kc4 Rh3 51. Kb5 e3 52. Re7+ Kd6 53. Rxe3 Rh5+ 54. Kxb6 Rxh7 55. Rd3+ Ke5 56. Kxa5 Ke4 57. Rd6 Rb7 58. Rb6 Rc7 59. Kb4 Kd5 60. Rb5+ Kd6 61. a5 Rc1 62. Rb6+ Kc7 63. Kb5 Rh1 64. b4 Rh5+ 65. Ka4 Rh1 66. Rg6 Kb7 67. Rg7+ Kc6 68. Rg6+ Kb7 69. Rg5 Kc6 70. b5+ Kd6 71. a6 Kc7 72. Rg7+ Kb6 73. Rg6+ Ka7 74. Rg5 Ra1+ 75. Kb4 Rb1+ 76. Kc5 Rc1+ 77. Kd6 Kb6 78. Rd5 Rc8 79. Kd7 Rc7+ 80. Kd8 Rh7 81. Kc8 Rh8+ 82. Rd8 Rh7 83. Kb8 Rg7 84. a7 1-0


[Site "https://www.chess.com"]

[Event "Titled Tuesday Blitz May 10 Early 2022"]
[White "Donchenko, Alexander"]
[Black "Aslanov, Umid"]
[WhiteFideId "24603295"]
[BlackFideId "13412620"]
[WhiteElo "2572"]
[BlackElo "1796"]
[Result "1-0"]
[Round "01"]
[TimeControl "180+1"]
[Date "2022.05.10"]
[WhiteClock "0:01:28"]
[BlackClock "0:01:14"]

1. d4 Nf6 2. Nf3 e6 3. Bf4 d5 4. e3 Bd6 5. Ne5 Nbd7 6. Nd2 O-O 7. Bd3 Qe7 8. c3 c5 9. h4 Ne8 10. Qf3 f5 11. g4 fxg4 12. Qxg4 Ndf6 13. Qe2 c4 14. Bc2 b5 15. h5 Bxe5 16. Bxe5 b4 17. Rg1 bxc3 18. bxc3 Qa3 19. Nb1 Qb2 20. Bxh7+ Kxh7 21. Qxb2 Ne4 22. f4 1-0


[Site "https://www.chess.com"]

[Event "Titled Tuesday Blitz May 10 Early 2022"]
[White "Wagner, Dinara"]
[Black "Niemann, Hans Moke"]
[WhiteFideId "24157570"]
[BlackFideId "2093596"]
[WhiteElo "2216"]
[BlackElo "2632"]
[Result "0-1"]
[Round "01"]
[TimeControl "180+1"]
[Date "2022.05.10"]
[WhiteClock "0:00:03"]
[BlackClock "0:01:49"]

1. d4 g6 2. c4 Bg7 3. Nf3 c5 4. d5 Nf6 5. Nc3 O-O 6. g3 d6 7. Bg2 Bg4 8. O-O Nbd7 9. h3 Bxf3 10. exf3 Nb6 11. Qe2 Re8 12. f4 a6 13. Bd2 Qd7 14. b3 h5 15. Qf3 Qf5 16. Rfe1 Nbd7 17. Rac1 b5 18. cxb5 Nb6 19. bxa6 Rxa6 20. a4 Qd7 21. Nb5 Nbxd5 22. Qd3 e6 23. Bc3 Nxc3 24. Rxc3 Qe7 25. Rcc1 d5 26. Qc2 Rc6 27. Rcd1 Qd8 28. Qd3 Rc8 29. Na7 Rc7 30. Nb5 Rd7 31. Qc2 Qb6 32. Rc1 Rc8 33. Red1 Ne8 34. b4 c4 35. Qa2 Nd6 36. Nxd6 Rxd6 37. b5 Ra8 38. Rxc4 Rdd8 39. Rcc1 Qxb5 40. axb5 Rxa2 41. Rb1 Rb8 42. Bf1 Bf8 43. Rdc1 Be7 44. b6 Ba3 45. Rc7 Bb2 46. b7 Kg7 47. Bb5 Bd4 48. Bc6 Bxf2+ 49. Kh1 Bxg3 50. Rc8 Bxf4 51. Be8 Ra7 52. Bc6 Ra3 53. Rf1 Bd6 54. Be8 Rxh3+ 55. Kg2 Rg3+ 56. Kh1 Rxb7 0-1


[Site "https://www.chess.com"]

[Event "Titled Tuesday Blitz May 10 Early 2022"]
[White "Dorokhin, Mykhailo"]
[Black "Dardha, Daniel"]
[WhiteFideId "14114178"]
[BlackFideId "240990"]
[WhiteElo "2280"]
[BlackElo "2482"]
[Result "0-1"]
[Round "01"]
[TimeControl "180+1"]
[Date "2022.05.11"]
[WhiteClock "0:01:06"]
[BlackClock "0:00:33"]

1. d4 g6 2. h4 Nf6 3. Bg5 Bg7 4. Bxf6 Bxf6 5. h5 c5 6. c3 Qb6 7. Nf3 Qxb2 8. Nbd2 Nc6 9. e3 d5 10. Rb1 Qxa2 11. Bd3 c4 12. Be2 Qa5 13. Qc1 b5 14. e4 dxe4 15. Nxe4 Bf5 16. Nxf6+ exf6 17. Ra1 Qc7 18. hxg6 Bxg6 19. Nh4 O-O 20. Qh6 Rfe8 21. Kf1 Rxe2 22. Kxe2 Bd3+ 23. Kd2 b4 24. Rh3 Re8 25. Rxd3 cxd3 26. Nf5 bxc3+ 27. Kxd3 Nb4# 0-1


[Site "https://www.chess.com"]

[Event "Titled Tuesday Blitz May 10 Early 2022"]
[White "Dubov, Daniil"]
[Black "Hamley, Ryan"]
[WhiteFideId "24126055"]
[BlackFideId "30959497"]
[WhiteElo "2791"]
[BlackElo "2525"]
[Result "1-0"]
[Round "01"]
[TimeControl "180+1"]
[Date "2022.05.10"]
[WhiteClock "0:00:38"]
[BlackClock "0:00:01"]

1. d4 Nf6 2. Nf3 e6 3. c4 d5 4. g3 Be7 5. Bg2 O-O 6. O-O dxc4 7. Qc2 b5 8. Ne5 c6 9. b3 cxb3 10. axb3 Bb7 11. Rd1 Nfd7 12. Nd3 Na6 13. Nc3 Rc8 14. Ne4 Qb6 15. Ndc5 Naxc5 16. dxc5 Qc7 17. Rxa7 Ra8 18. Rxa8 Rxa8 19. Bg5 Bxg5 20. Nxg5 Nf6 21. h4 h6 22. Ne4 Nd5 23. Nd6 Qe7 24. e4 Nf6 25. b4 Ra4 26. Qd2 Ne8 27. e5 Ba8 28. Nxe8 Qxe8 29. Be4 Ra7 30. Qd8 Kf8 31. Qb6 Rd7 32. Rd6 Rxd6 33. exd6 f6 34. Qc7 1-0


[Site "https://www.chess.com"]